Map: Glittering Ashes LE

Players

Hippie

  • Race: Zerg Zerg
  • League: Master
  • Spawn Location: 1:00

Warthog - Winner!

  • Race: Terran Terran
  • League: Master
  • Spawn Location: 7:00

VOD

Have the link to the VOD?

Description

Time

  • Played on: Jan. 11, 2022, 7:31 p.m.
  • Length: 11:10
Show
View Real Time Build Order
Export as new Build Order

Hippie Zerg 

Build Orders: Hatch First 

Get SALT Encoding   

  12  0:00  Drone  
  13  0:12  Overlord  
  13  0:16  Drone  
  14  0:30  Drone x2  
  14  0:35  Drone  
  17  0:45  Drone  
  18  0:55  Hatchery  
  17  0:57  Drone  
  18  1:06  Drone  
  19  1:16  Spawning Pool  
  19  1:18  Drone  
  19  1:28  Drone  
  20  1:38  Drone  
  21  1:50  Drone  
  22  1:58  Extractor  
  22  1:59  Hatchery  
  20  2:02  Queen  
  20  2:06  Queen  
  24  2:10  Drone x2  
  24  2:12  Drone  
  27  2:17  Drone  
  27  2:22  Overlord  
  28  2:36  Spore Crawler, Overlord  
  27  2:37  Drone  
  27  2:43  Queen  
  30  2:46  Drone x2  
  30  2:51  Drone  
  34  2:55  Overlord  
  34  3:01  Drone  
  35  3:06  Drone  
  35  3:08  Queen  
  35  3:11  Drone  
  39  3:14  Queen  
  41  3:26  Overlord  
  40  3:27  Drone x5  
  40  3:33  Drone x2  
  40  3:34  Extractor  
  46  3:38  Drone  
  47  3:44  Drone  
  47  3:48  Metabolic Boost  
  48  3:52  Zergling x2  
  48  3:55  Queen  
  49  3:56  Overlord  
  49  3:57  Queen  
  53  4:03  Zergling x6  
  53  4:04  Zergling x2  
  53  4:08  Overlord  
  53  4:09  Extractor  
  56  4:14  Drone  
  57  4:21  Overlord  
  57  4:22  Drone x2  
  59  4:25  Drone x2  
  59  4:27  Evolution Chamber  
  59  4:28  Evolution Chamber  
  59  4:30  Drone x2  
  61  4:36  Drone x2  
  63  4:42  Zergling x10  
  63  4:45  Lair  
  68  4:46  Extractor  
  68  4:50  Drone x2  
  69  4:58  Drone  
  70  5:03  Drone x2  
  70  5:04  Drone  
  70  5:05  Drone x2  
  70  5:06  Drone  
  75  5:09  Drone x2  
  75  5:11  Drone  
  75  5:12  Drone  
  75  5:13  Overlord  
  79  5:15  Drone  
  79  5:20  Drone  
  79  5:21  Drone  
  82  5:25  Overlord  
  82  5:29  Zergling x2, Overlord  
  83  5:38  Baneling Nest  
  83  5:42  Spore Crawler  
  81  5:43  Zergling x4  
  81  5:45  Drone x3  
  84  5:50  Drone x2  
  84  5:55  Drone  
  87  5:58  Extractor  
  87  5:59  Extractor  
  87  6:01  Zerg Ground Armor Level 1, Zerg Melee Weapons Level 1  
  85  6:09  Drone x3  
  88  6:12  Hatchery  
  88  6:13  Drone x3  
  88  6:15  Hatchery  
  89  6:21  Overlord  
  89  6:29  Drone x3  
  92  6:32  Overlord  
  92  6:33  Queen, Overlord  
  92  6:38  Zergling x2  
  92  6:39  Zergling x2  
  96  6:43  Zergling x4, Infestation Pit  
  96  6:44  Overlord, Extractor  
  96  6:45  Drone x2, Spire, Extractor  
  96  6:49  Drone x3  
  96  6:53  Zergling x2  
  98  6:55  Zergling x4  
  98  7:00  Zergling x2  
  98  7:12  Drone x3  
  98  7:13  Drone x3  
  98  7:15  Zergling x4  
  105  7:24  Overlord  
  105  7:26  Zergling x2  
  105  7:27  Zergling x10  
  111  7:32  Spire  
  111  7:34  Zergling x2  
  111  7:35  Zergling x10  
  116  7:40  Infestor  
  116  7:41  Infestor  
  117  7:53  Drone x4  
  117  7:54  Drone x4  
  117  7:55  Zergling x2  
  121  7:59  Zergling x2  
  121  8:00  Zergling x6  
  121  8:03  Zergling x2  
  125  8:06  Mutalisk x7  
  125  8:07  Mutalisk  
  125  8:10  Mutalisk  
  138  8:13  Mutalisk  
  132  8:20  Mutalisk  
  132  8:25  Drone x3  
  137  8:27  Drone  
  137  8:28  Drone  
  137  8:30  Drone x3  
  137  8:31  Mutalisk x2  
  137  8:33  Zergling x2  
  146  8:36  Overlord  
  146  8:37  Zergling x2  
  146  8:38  Zergling x12  
  148  8:42  Drone x2  
  150  8:50  Zerg Flyer Weapons Level 1, Zerg Flyer Armor Level 1  
  150  8:58  Pneumatized Carapace  
  150  8:59  Overseer  
  149  9:03  Hatchery  
  149  9:04  Extractor  
  149  9:08  Zergling x2  
  149  9:09  Zergling x22, Extractor  
  150  9:14  Mutalisk x3  
  136  9:24  Zergling x2  
  136  9:25  Zergling x14  
  136  9:30  Drone x2  
  146  9:38  Zergling x8  
  139  9:39  Zergling x12  
  148  9:51  Zergling x2, Spine Crawler  
  148  9:52  Spine Crawler  
  148  9:53  Infestor  
  148  9:54  Infestor  
  148  9:55  Drone  
  148  9:56  Drone x7  
  159  10:09  Zergling x4  
  159  10:10  Hatchery  
  150  10:18  Zergling x6  
  150  10:19  Zergling x12  
  136  10:26  Zergling x2  
  136  10:27  Zergling x24  
  147  10:33  Zergling x10  
  147  10:34  Zergling x10  
  155  10:45  Zergling x2  
  155  10:46  Zergling x8  
  155  10:49  Hatchery  
  129  10:57  Hatchery  
Show
View Real Time Build Order
Export as new Build Order

Warthog Terran - Winner!

Build Orders: Liberator Opening, Reaper Expand, Mech 

Get SALT Encoding   

  12  0:00  SCV  
  13  0:12  SCV  
  14  0:17  Supply Depot  
  14  0:24  SCV  
  15  0:38  SCV  
  15  0:40  Barracks  
  16  0:44  Refinery  
  16  0:50  SCV  
  17  1:03  SCV  
  18  1:15  SCV  
  19  1:27  Reaper, Orbital Command  
  20  1:38  Command Center  
  20  1:47  Supply Depot  
  20  1:54  SCV  
  20  1:59  Marine  
  22  2:06  Factory  
  22  2:07  SCV  
  23  2:13  Refinery  
  23  2:19  SCV  
  23  2:21  Barracks Reactor  
  24  2:31  SCV  
  25  2:43  SCV  
  26  2:50  Orbital Command  
  26  2:53  Starport  
  26  2:56  SCV  
  27  3:08  SCV  
  27  3:09  Hellion  
  27  3:10  Hellion  
  27  3:11  Barracks Tech Lab  
  32  3:16  SCV  
  33  3:20  SCV  
  34  3:28  SCV  
  34  3:31  Supply Depot  
  34  3:32  SCV  
  34  3:33  Liberator, Hellion x2  
  43  3:40  SCV  
  43  3:44  SCV  
  44  3:51  Barracks Tech Lab  
  44  3:52  SCV  
  44  3:54  Command Center  
  45  3:56  SCV  
  45  4:02  Supply Depot  
  46  4:05  SCV  
  46  4:08  SCV  
  48  4:12  Refinery  
  48  4:13  Refinery  
  49  4:17  SCV  
  49  4:21  SCV  
  50  4:29  SCV  
  50  4:31  Hellion x2  
  53  4:33  SCV  
  54  4:41  SCV  
  54  4:45  Supply Depot  
  55  4:50  SCV, Factory  
  55  4:51  Factory  
  55  4:52  Barracks Reactor, Hellion x2  
  60  4:53  SCV  
  60  4:58  Starport Tech Lab  
  61  5:09  SCV x2  
  61  5:11  Orbital Command  
  67  5:14  Hellion x2  
  67  5:21  SCV  
  68  5:29  Factory  
  68  5:31  Factory  
  68  5:32  SCV  
  68  5:33  SCV  
  73  5:35  Siege Tank  
  73  5:36  Armory, Siege Tank  
  73  5:38  Armory  
  76  5:46  Hellion x2  
  76  5:48  Orbital Command  
  74  5:53  SCV x2  
  74  5:54  Supply Depot  
  74  5:56  Supply Depot  
  73  6:05  SCV  
  73  6:08  Supply Depot  
  73  6:10  Engineering Bay, SCV  
  75  6:14  SCV  
  75  6:17  Refinery, SCV  
  77  6:19  Supply Depot  
  77  6:22  SCV  
  78  6:26  SCV  
  78  6:27  Hellion x2  
  78  6:29  SCV  
  86  6:36  SCV  
  86  6:38  SCV  
  88  6:40  Supply Depot, Infernal Pre-Igniter  
  88  6:41  Refinery, SCV  
  88  6:42  Supply Depot  
  88  6:43  Factory Tech Lab  
  88  6:44  Cyclone, Hellion  
  88  6:46  Factory Tech Lab  
  92  6:48  Banshee  
  89  7:01  SCV  
  89  7:02  SCV  
  89  7:06  SCV  
  90  7:13  SCV  
  90  7:14  SCV  
  92  7:15  Cyclone  
  92  7:16  Cyclone x2, Hellion  
  92  7:17  Hellion, Mag-Field Accelerator  
  92  7:20  SCV  
  106  7:23  Supply Depot  
  106  7:26  SCV  
  107  7:36  Hellion x2, Banshee  
  114  7:42  SCV x2  
  116  7:45  Terran Vehicle Weapons Level 1  
  116  7:46  Terran Vehicle And Ship Armor Level 1  
  116  7:47  Cyclone  
  116  7:48  Cyclone, Siege Tank  
  112  8:08  Hellion  
  112  8:09  Hellion x3  
  118  8:15  SCV  
  118  8:18  Command Center  
  114  8:20  Cyclone x2, Hellion  
  114  8:29  Supply Depot, Hellion  
  114  8:30  Hellion x2  
  114  8:31  Supply Depot  
  115  8:43  Thor  
  115  8:47  Missile Turret x2  
  109  8:49  Missile Turret x2  
  109  8:52  Thor, Cyclone  
  109  8:55  Missile Turret  
  118  8:57  SCV x2  
  118  8:58  SCV  
  117  9:20  Drilling Claws  
  117  9:22  Widow Mine  
  117  9:23  Thor, Widow Mine x3  
  126  9:26  Thor  
  129  9:31  SCV x2  
  129  9:35  Cyclone  
  129  9:37  SCV  
  135  9:43  SCV x2  
  135  9:44  Missile Turret, Widow Mine  
  135  9:45  Widow Mine x2  
  143  9:49  Missile Turret  
  143  9:51  SCV  
  144  9:52  Planetary Fortress  
  144  9:55  SCV  
  144  9:56  SCV  
  144  9:59  Hellion  
  148  10:03  SCV  
  148  10:05  Refinery, Hellion  
  148  10:06  Hellion, Widow Mine  
  155  10:08  SCV, Widow Mine x2  
  155  10:09  Hellion  
  161  10:21  Hellion  
  159  10:27  Hellion  
  161  10:29  Cyclone  
  161  10:31  Missile Turret  
  170  10:38  SCV  
  170  10:39  SCV  
  170  10:41  Refinery  
Tags
 
Add a new tag
Caveats
  • Supply blocks, unpowered buildings, or Contaminate may cause inaccurate times.
  • Supply counts are checked every 10 seconds.